 Dungeon Crawl Stone Soup version 0.21.1-1-g345015f (webtiles) character file.

62 Kairos the Skirmisher (level 4, -1/37 HPs)
             Began as a Formicid Abyssal Knight on Mar 26, 2018.
             Was a Follower of Lugonu.
             Slain by a gnoll (4 damage)
             ... on level 2 of the Dungeon.
             The game lasted 00:02:44 (1010 turns).

Kairos the Skirmisher (Formicid Abyssal Knight)     Turns: 1010, Time: 00:02:45

Health: -1/37      AC:  6    Str: 17    XL:     4   Next: 28%
Magic:  5/5        EV:  9    Int: 11    God:    Lugonu [*.....]
Gold:   54         SH:  0    Dex: 11    Spells: 3/3 levels left

rFire    . . .     SeeInvis +   a - +1 hand axe
rCold    . . .     Gourm    .   (no shield)
rNeg     . . .     Faith    .   g - +0 scale mail
rPois    .         Spirit   .   (helmet unavailable)
rElec    .         Reflect  .   (no cloak)
rCorr    .         Harm     .   (no gloves)
MR       .....                  (no boots)
Stlth    ..........             (no amulet)
HPRegen  0.12/turn              (no ring)
MPRegen  0.09/turn              (no ring)

@: lethally poisoned (-1 -> -3)
A: permanent stasis, dig shafts and tunnels, four strong arms, antennae 3
a: Dig, Shaft Self, Depart the Abyss, Renounce Religion


You were on level 2 of the Dungeon.
You worshipped Lugonu.
Lugonu was aware of your devotion.
You were hungry.

You visited 1 branch of the dungeon, and saw 2 of its levels.
You visited the Abyss 1 time.

You collected 54 gold pieces.

Inventory:

Hand Weapons
 a - a +1 hand axe (weapon)
 e - a +0 halberd
Armour
 b - a +0 leather armour
 g - a +0 scale mail (worn)
Wands
 d - a wand of acid (12)
Scrolls
 f - 2 scrolls of teleportation {unknown}
 h - a scroll of remove curse
 i - a scroll of fog
Potions
 l - a potion of heal wounds {unknown}
 m - a potion of agility {unknown}
Comestibles
 c - 2 rations


   Skills:
 + Level 3.9 Fighting
 + Level 3.0 Axes
 + Level 3.0 Armour
 + Level 1.1 Dodging
 + Level 2.3 Invocations


You had 3 spell levels left.
You didn't know any spells.

Dungeon Overview and Level Annotations

Branches:
Dungeon (2/15)

Altars:


Innate Abilities, Weirdness & Mutations

You cannot be hasted, slowed, berserked, paralysed or teleported.
You can dig through walls and to a lower floor.
Your four strong arms can wield two-handed weapons with a shield.
You have a pair of large antennae on your head. (SInv)


Message History

You barely miss the gnoll.
You are feeling hungry.
You feel sick. The gnoll closely misses you.
You hit the gnoll.
The gnoll is lightly wounded.
The gnoll hits you but does no damage.
You completely miss the gnoll.
The gnoll is lightly wounded.
The gnoll hits you but does no damage.
You barely miss the gnoll.
The gnoll is lightly wounded.
You feel sick. The gnoll hits you but does no damage.
You slash the gnoll!
The gnoll is heavily wounded.
The gnoll hits you.
* * * LOW HITPOINT WARNING * * *
You hit the gnoll.
The gnoll is severely wounded.
The gnoll hits you.
You die...

#.... .8 #.
... ... #.#
... ..g #.#
#.##g# #.#
#{...# # #.#
#{# #.##.###{#
#.#.#...##r#
#.......@gg#
###.#...####
##.## #.# #.#
#.# #.#
#########
#.####........
#.............


You could see a gnoll, a goblin and a rat.

Vanquished Creatures
  An adder (D:2)
  A gnoll (D:2)
  3 dart slugs
  2 leopard geckos
  A giant cockroach (D:1)
  5 goblins
  9 hobgoblins
  4 bats (D:1)
  A frilled lizard (D:1)
  3 kobolds (D:1)
  3 rats (D:1)
33 creatures vanquished.

Vanquished Creatures (others)
  2 starspawn tentacles (Abyss:2)
2 creatures vanquished.

Grand Total: 35 creatures vanquished

Notes
Turn   | Place    | Note
-------+----------+-------------------------------------------
     0 | Abyss:1  | Kairos the Formicid Abyssal Knight began the quest for the Orb.
     0 | Abyss:1  | Reached XP level 1. HP: 18/18 MP: 2/2
    84 | Abyss:2  | Noticed a smoke demon
   124 | Abyss:2  | Noticed a tentacled starspawn
   130 | Abyss:2  | Noticed a tentacled starspawn
   131 | Abyss:2  | Noticed a thrashing horror
   137 | D:1      | Escaped the Abyss
   303 | D:1      | Reached XP level 2. HP: 16/24 MP: 3/3
   434 | D:1      | Reached * piety under Lugonu
   434 | D:1      | Reached skill level 1 in Dodging
   575 | D:1      | Reached XP level 3. HP: 29/29 MP: 4/4
   992 | D:2      | Reached XP level 4. HP: 28/37 MP: 5/5
  1010 | D:2      | Slain by a gnoll

Skill      XL: |  1  2  3  4 |
---------------+-------------+-----
Dodging        | 1 |  1.1
Axes           | 3 |  3.0
Armour         | 3 |  3.0
Fighting       | |  3.9
Invocations    | |  2.3

Action                   |  1- 3 |  4- 6 || total
-------------------------+-------+-------++-------
Melee: Hand axe          |    99 |    14 ||   113
Invok: Depart the Abyss  |     1 |       ||     1
  Use: Scroll            |     3 |       ||     3
Armor: Scale mail        |    30 |     4 ||    34
       Leather armour    |     3 |       ||     3
Dodge: Dodged            |    44 |     6 ||    50
